 Dungeon Crawl Stone Soup version 0.32-a0-900-g30fb1b0edc (webtiles) character file.

Game seed: 12981922797307966562

144 Autsider the Poker (level 5, 0/42 (43) HPs)
             Began as a Gnoll Reaver on Apr 5, 2024.
             Incinerated by a bombardier beetle (2 damage)
             ... with a burning spray
             ... on level 3 of the Dungeon.
             The game lasted 00:05:23 (2152 turns).

Autsider the Poker (Gnoll Reaver)                   Turns: 2152, Time: 00:05:24

HP:   0/42 (43)     AC:  5    Str: 13    XL:     5   Next: 26%
MP:   11/12         EV: 12    Int: 15    God:
Gold: 184           SH:  0    Dex: 11    Spells: 8/14 levels left

rFire   + . .        n - +2 whip "Bung" {flame, rC+ rCorr}
rCold   + . .        (no shield)
rNeg    + . .        m - +2 robe of Mysticism {rN+ Int+3}
rPois   .            (no helmet)
rElec   .            t - +0 cloak
rCorr   +            (no gloves)
SInv    .            (no boots)
Will    +....        k - amulet of magic regeneration
Stlth   +            h - ring of willpower
HPRegen 0.27/turn    f - ring of protection from fire
MPRegen 0.53/turn

%: no passive effects
@: on fire, glowing, lightly drained
A: fangs 1, strong nose, distributed training
a: no special abilities


You were on level 3 of the Dungeon.
You visited 1 branch of the dungeon, and saw 3 of its levels.

You collected 184 gold pieces.

Inventory:

Hand Weapons
 a - a +0 spear
 n - the +2 whip "Bung" (weapon) {flame, rC+ rCorr}
   (You found it on level 2 of the Dungeon)

   rC+:       It protects you from cold.
   rCorr:     It protects you from acid and corrosion.
Armour
 m - the +2 robe of Mysticism (worn) {rN+ Int+3}
   (You found it on level 2 of the Dungeon)

   Int+3:     It affects your intelligence (+3).
   rN+:       It protects you from negative energy.
 t - a +0 cloak (worn)
Jewellery
 f - a ring of protection from fire (right hand)
 h - a ring of willpower (left hand)
 k - an amulet of magic regeneration (around neck)
 s - a ring of resist corrosion
Wands
 r - a wand of polymorph (10)
 u - a wand of charming (9)
Scrolls
 c - a scroll of revelation {unknown}
 d - 2 scrolls of enchant armour {unknown}
 e - 7 scrolls of identify {unknown}
 i - 3 scrolls of noise {unknown}
 j - a scroll of vulnerability {unknown}
 l - a scroll of enchant weapon {unknown}
 o - a scroll of poison {unknown}
 p - a scroll of immolation {unknown}
Potions
 b - a potion of heal wounds {unknown}
 g - a potion of experience {unknown}
 q - a potion of haste {unknown}
 v - a potion of degeneration {unknown}


   Skills:
 + Level 4.8 Fighting
 + Level 1.4 Short Blades
 + Level 1.4 Long Blades
 + Level 1.4 Axes
 + Level 1.4 Maces & Flails
 + Level 6.7 Polearms
 + Level 1.4 Staves
 + Level 1.4 Ranged Weapons
 + Level 1.4 Throwing
 + Level 1.4 Armour
 + Level 4.8 Dodging
 + Level 1.4 Stealth
 + Level 1.4 Shields
 + Level 1.4 Unarmed Combat
 + Level 5.2 Spellcasting
 + Level 5.5 Conjurations
 + Level 1.1 Hexes
 + Level 1.1 Summonings
 + Level 1.1 Necromancy
 + Level 1.1 Translocations
 + Level 1.1 Fire Magic
 + Level 1.1 Ice Magic
 + Level 1.1 Air Magic
 + Level 1.1 Earth Magic
 + Level 1.1 Alchemy
 + Level 1.6 Invocations
 + Level 1.4 Evocations
 + Level 1.3 Shapeshifting


You had 8 spell levels left.
You knew the following spells:

 Your Spells              Type           Power      Damage    Failure   Level
a - Kiss of Death         Conj/Necr      56%        2d9       4%          1
b - Momentum Strike       Conj/Tloc      28%        3d8       6%          2
c - Hailstorm             Conj/Ice       14%        3d6       12%         3

Your spell library contained the following spells:

 Spells                   Type           Power      Damage    Failure   Level


Dungeon Overview and Level Annotations

Branches:
Dungeon (3/15)

Altars:

Annotations:
D:2 Sigmund


Innate Abilities, Weirdness & Mutations

You have very sharp teeth.
Your uncanny sense of smell can sniff out nearby items.
Your experience applies equally to all skills.


Message History

The bombardier beetle bites you but does no damage.
You barely miss the bombardier beetle.
The bombardier beetle is severely wounded.
The bombardier beetle bites you but does no damage.
You hit the bombardier beetle but do no damage.
The bombardier beetle is severely wounded.
You hit the bombardier beetle. You burn the bombardier beetle.
The bombardier beetle is almost dead.
The bombardier beetle sprays incendiary fluid at you.
The burning spray hits you.
You are covered in liquid fire!
You shake off some of the fire as you move.
The liquid fire burns you!
* * * LOW HITPOINT WARNING * * *
You shake off the liquid fire.
The bombardier beetle sprays incendiary fluid at you.
The burning spray hits you.
You are covered in liquid fire!
You shake off some of the fire as you move.
The liquid fire burns you!
* * * LOW HITPOINT WARNING * * *
The bombardier beetle sprays incendiary fluid at you.
The burning spray hits you.
You are even more covered in liquid fire!
You shake off some of the fire as you move.
The liquid fire burns you!
* * * LOW HITPOINT WARNING * * *
Your magical contamination has completely faded away.
You whack the bombardier beetle! You burn the bombardier beetle.
You kill the bombardier beetle!
The liquid fire burns you!
* * * LOW HITPOINT WARNING * * *
You have reached level 5!
You shake off some of the fire as you move.
The liquid fire burns you!
* * * LOW HITPOINT WARNING * * *
Okay, then.
You shake off some of the fire as you move.
The liquid fire burns you!
You die...

.........
#######......#.#
######......#.#
#...........#.#####
#.[...............#
#.................#
#.................#
#.................#
#..####......†@..#
#................#
###...####.........#
...^..#########)####
##......# #.#
#.......#
#[...))..(#
#.......#
#!#.#.#.#?#
........####.......#
...........## .#. ##


There were no monsters in sight!

Vanquished Creatures
  A bombardier beetle (D:3)
  2 orc wizards (D:3)
  A gnoll (D:1)
  A dart slug (D:1)
  An orc (D:3)
  6 ball pythons
  3 endoplasms
  3 giant cockroaches
  5 goblins (D:1)
  5 hobgoblins
  2 jackals (D:1)
  4 quokkas
  6 bats
  3 frilled lizards
  2 kobolds (D:1)
  5 rats
50 creatures vanquished.

Notes
Turn   | Place    | Note
-------+----------+-------------------------------------------
     0 | D:1      | Autsider the Gnoll Reaver began the quest for the Orb.
     0 | D:1      | Reached XP level 1. HP: 20/20 MP: 6/6
   179 | D:1      | Reached XP level 2. HP: 25/26 MP: 7/7
   218 | D:1      | Learned a level 2 spell: Momentum Strike
   312 | D:1      | Reached skill level 5 in Spellcasting
   312 | D:1      | Reached XP level 3. HP: 19/27 MP: 6/9
   464 | D:1      | Reached skill level 1 in Invocations
  1067 | D:2      | Identified the +2 robe of Mysticism {rN+ Int+3}
  1280 | D:2      | Reached skill level 1 in Short Blades
  1280 | D:2      | Reached skill level 1 in Long Blades
  1280 | D:2      | Reached skill level 1 in Axes
  1280 | D:2      | Reached skill level 1 in Maces & Flails
  1280 | D:2      | Reached skill level 1 in Staves
  1280 | D:2      | Reached skill level 1 in Ranged Weapons
  1280 | D:2      | Reached skill level 1 in Throwing
  1280 | D:2      | Reached skill level 1 in Armour
  1280 | D:2      | Reached skill level 1 in Stealth
  1280 | D:2      | Reached skill level 1 in Shields
  1280 | D:2      | Reached skill level 1 in Unarmed Combat
  1280 | D:2      | Reached skill level 1 in Evocations
  1369 | D:2      | Found a faded altar of an unknown god.
  1379 | D:2      | Identified the +2 whip "Bung" {flame, rC+ rCorr}
  1768 | D:2      | Noticed Sigmund
  1776 | D:2      | Learned a level 3 spell: Hailstorm
  1950 | D:3      | Reached skill level 1 in Shapeshifting
  1950 | D:3      | Reached XP level 4. HP: 38/38 MP: 9/11
  2125 | D:3      | Reached skill level 1 in Hexes
  2125 | D:3      | Reached skill level 1 in Summonings
  2125 | D:3      | Reached skill level 1 in Necromancy
  2125 | D:3      | Reached skill level 1 in Translocations
  2125 | D:3      | Reached skill level 1 in Fire Magic
  2125 | D:3      | Reached skill level 1 in Ice Magic
  2125 | D:3      | Reached skill level 1 in Air Magic
  2125 | D:3      | Reached skill level 1 in Earth Magic
  2125 | D:3      | Reached skill level 1 in Alchemy
  2151 | D:3      | Reached XP level 5. HP: 4/42 MP: 10/12
  2151 | D:3      | HP: 2/42 [burnt (2)]
  2152 | D:3      | Incinerated by a bombardier beetle

Illustrated notes

Levels and vault maps discovered:
D:1:      moated_graveyard_arrival, layout_basic, corner_web_ring,
          minmay_misc_feat_hallway
D:2:      layout_basic, chequers_ecumenical_altar_twisty,
          kennysheep_cross_bottleneck, uniq_sigmund
D:3:      minmay_spotlight, layout_basic

Skill      XL: |  1  2  3  4 |
---------------+-------------+-----
Spellcasting   | 5 |  5.2
Invocations    | 1 |  1.6
Short Blades   | 1 |  1.4
Long Blades    | 1 |  1.4
Axes           | 1 |  1.4
Maces & Flails | 1 |  1.4
Staves         | 1 |  1.4
Ranged Weapons | 1 |  1.4
Throwing       | 1 |  1.4
Armour         | 1 |  1.4
Stealth        | 1 |  1.4
Shields        | 1 |  1.4
Unarmed Combat | 1 |  1.4
Evocations     | 1 |  1.4
Shapeshifting  | 1 |  1.3
Hexes          | 1 |  1.1
Summonings     | 1 |  1.1
Necromancy     | 1 |  1.1
Translocations | 1 |  1.1
Fire Magic     | 1 |  1.1
Ice Magic      | 1 |  1.1
Air Magic      | 1 |  1.1
Earth Magic    | 1 |  1.1
Alchemy        | 1 |  1.1
Fighting       | |  4.8
Polearms       | |  6.7
Dodging        | |  4.8
Conjurations   | |  5.5

Action                     |  1- 3 |  4- 6 || total
---------------------------+-------+-------++-------
  Melee: Spear             |    83 |       ||    83
         Bite              |     5 |     2 ||     7
         Whip              |    26 |    17 ||    43
   Cast: Momentum Strike   |     7 |     1 ||     8
         Kiss of Death     |     1 |     1 ||     2
         Hailstorm         |     1 |     3 ||     4
   Stab: Sleeping          |     1 |       ||     1
 Armour: Leather armour    |    33 |       ||    33
         Robe              |    10 |    11 ||    21
  Dodge: Dodged            |    50 |    13 ||    63

Table legend: (Time is in decaauts)
 A = Elapsed time spent in this place.
 B = Non-inter-level travel time spent in this place.
 C = Inter-level travel time spent in this place.
 D = Time resting spent in this place.
 E = Time spent auto-exploring this place.
 F = Levels seen in this place.
 G = Mean time per level.
                   A        B        C        D        E       F      G
               +--------+--------+--------+--------+--------+-----+--------+
         Total |   2133 |   2080 |     53 |      0 |   1698 |   3 |  711.0 |
       Dungeon |   2133 |   2080 |     53 |      0 |   1698 |   3 |  711.0 |
               +--------+--------+--------+--------+--------+-----+--------+

Top non-repeatable levels by time:
     D:1: 989 daAuts
     D:2: 792 daAuts
     D:3: 351 daAuts
